 Dungeon Crawl Stone Soup version 0.19.4-9-g45fd643 (webtiles) character file.

5999 JeffiDaFish the Basher (level 10, 0/61 HPs)
             Began as a Gargoyle Fighter on Feb 18, 2017.
             Was a Follower of Makhleb.
             Slain by a porcupine (4 damage)
             ... on level 1 of the Lair of Beasts.
             The game lasted 00:19:54 (7146 turns).

JeffiDaFish the Basher (Gargoyle Fighter)           Turns: 7146, Time: 00:19:56

Health: 0/61       AC: 23    Str: 20    XL:     10   Next: 85%
Magic:  16/16      EV: 11    Int:  9    God:    Makhleb [*.....]
Gold:   588        SH: 12    Dex: 17    Spells: 1 memorised, 14 levels left

rFire  + . .     SeeInvis .     x - +2 morningstar
rCold  . . .     Gourm    .     j - +0 chain mail
rNeg   + . .     Faith    .     c - +1 shield
rPois  ∞         Spirit   .     (no helmet)
rElec  +         Reflect  .     v - +0 cloak
rCorr  .         Harm     .     e - +0 pair of gloves
MR     .....     Clarity  +     s - +0 pair of boots
Stlth  ..........               (no amulet)
                                g - ring of protection from fire
                                p - +1 ring of protection

@: agile, about to teleport
A: clarity, negative energy resistance 1, electricity resistance, unbreathing,
petrification resistance, rot immunity, AC +7
a: Renounce Religion


You were on level 1 of the Lair of Beasts.
You worshipped Makhleb.
Makhleb was aware of your devotion.
You were hungry.

You visited 2 branches of the dungeon, and saw 10 of its levels.

You collected 588 gold pieces.

Inventory:

Hand Weapons
 r - a +2 whip of electrocution
 x - a +2 morningstar (weapon)
Armour
 c - a +1 shield (worn)
 e - a +0 pair of gloves (worn)
 j - a +0 chain mail (worn)
 s - a +0 pair of boots (worn)
 v - a +0 cloak (worn)
Jewellery
 g - a ring of protection from fire (right hand)
 k - an uncursed ring of positive energy
 p - a +1 ring of protection (left hand)
Wands
 y - a wand of teleportation (1/9)
Scrolls
 b - 8 scrolls of identify
 d - 2 scrolls of blinking
 i - 3 scrolls of fear
 l - 5 scrolls of amnesia
 m - a scroll of recharging
 t - a scroll of fog
 w - a scroll of teleportation
 z - a scroll of summoning {unknown}
Potions
 a - a potion of heal wounds
 o - 2 potions of agility
 B - 2 potions of magic
Books
 u - a book of Conjurations

   Spells                             Type                      Level
   a - Magic Dart                     Conjuration                  1
   b - Searing Ray                    Conjuration                  2
   c - Dazzling Spray                 Conjuration/Hexes            3
   d - Fulminant Prism                Conjuration/Hexes            4
   e - Iskenderun's Mystic Blast      Conjuration                  4
   f - Iskenderun's Battlesphere      Conjuration/Charms           5
 C - a Young Poisoner's Handbook

   Spells                             Type                      Level
   a - Sting                          Conjuration/Poison           1
   b - Mephitic Cloud                 Conjuration/Poison/Air       3
   c - Olgreb's Toxic Radiance        Poison                       4
   d - Alistair's Intoxication        Transmutation/Poison         5
   e - Venom Bolt                     Conjuration/Poison           5
Comestibles
 f - 5 bread rations
 h - 3 beef jerkies
 n - 3 meat rations
 q - 3 chunks of flesh
 A - 5 fruits


   Skills:
 + Level 6.9 Fighting
 * Level 8.6 Maces & Flails
 * Level 8.6 Armour
 - Level 0.4 Dodging
 - Level 0.2 Stealth
 + Level 7.3 Shields
 + Level 4.1 Spellcasting
 + Level 5.0 Conjurations
 + Level 3.7 Hexes


You had 14 spell levels left.
You knew the following spells:

 Your Spells              Type           Power        Failure   Level  Hunger
a - Dazzling Spray        Conj/Hex       #.....       100%        3    ###....


Dungeon Overview and Level Annotations

Branches:
Dungeon (9/15)             Temple (0/1) D:7            Lair (1/6) D:9
    Orc: D:9-12

Altars:
Ashenzari
Cheibriados
Fedhas
Kikubaaqudgha
Makhleb
Nemelex Xobeh
Okawaru
Ru
Sif Muna
Xom
Zin
The Shining One

Shops:
D:7 =!!!!

Annotations:
Lair:1 Nergalle


Innate Abilities, Weirdness & Mutations

You are resistant to torment.
Your stone body is resilient. (AC +7)
You are immune to poison.
You resist negative energy. (rN+)
You are resistant to electric shocks. (rElec)
You can survive without breathing.
You are immune to petrification.
You are immune to rotting.
You possess an exceptional clarity of mind.


Message History

You block the spectral orc's attack.
The spectral orc hits you but does no damage.
Nergalle hits you but does no damage.
The porcupine bites you but does no damage.
The spectral orc warrior hits you from afar with a glaive.
* * * LOW HITPOINT WARNING * * *
The spectral orc warrior hits you but does no damage.
The water moccasin barely misses you.
You block the spectral orc warrior's attack. x2
The river rat bites you but does no damage.
The spectral orc misses you.
The spectral orc warrior hits you but does no damage.
You hit Nergalle.
Nergalle is severely wounded.
You block the spectral orc's attack. You block the porcupine's attack.
The water moccasin closely misses you. Nergalle hits you but does no damage.
You block the spectral orc warrior's attack. x2
The spectral orc warrior closely misses you.
The spectral orc barely misses you. The porcupine bites you.
You die...

................
..................
#...............
#.............#
#.$.<..........
##............#
#P.††ZZZ.Z.....
##.†.ZZorZ.....
#...ZZ@ZZ.....
##..ZrSZ......
#..Z.Z.......
#............
#.........##.
######.#### ##


You could see Nergalle, 4 spectral orcs, 9 spectral orc warriors, a spectral orc
knight, a spectral orc warlord, a water moccasin, a porcupine and a river rat.

Vanquished Creatures
  The ghost of micr0chasm the Cudgeler, a novice HuAr (D:6)
  Pikel (D:7)
  Joseph (D:7)
  A spiny frog (Lair:1)
  4 yaks (Lair:1)
  A hungry ghost (D:8)
  A steam dragon (D:9)
  A porcupine (Lair:1)
  2 orc warriors (D:6)
  A sky beast (D:6)
  An ice beast (D:8)
  3 ogres
  3 phantoms
  4 centaurs
  9 bullfrogs
  4 scorpions
  4 killer bees (D:9)
  4 wights (D:9)
  2 howler monkeys (D:7)
  2 crimson imps
  A quasit (D:9)
  A jelly (D:5)
  Crazy Yiuf (D:7)
  A centaur skeleton (D:8)
  4 hounds
  3 orc priests
  6 orc wizards
  2 bullfrog skeletons
  Terence (D:2)
  7 worker ants
  A hound zombie (D:7)
  A mummy (D:6)
  A howler monkey skeleton (D:8)
  2 worker ant zombies
  8 adders
  2 shadow imps
  5 oozes
  2 adder skeletons
  3 worms
  3 dart slugs
  6 leopard geckos
  31 orcs
  7 bats
  5 giant cockroaches
  6 hobgoblins
  13 jackals
  3 quokkas
  3 ball pythons
  6 frilled lizards
  2 giant cockroach zombies
  7 goblins
  2 hobgoblin zombies (D:6)
  A jackal skeleton (D:5)
  11 kobolds
  2 quokka skeletons
  12 rats
222 creatures vanquished.

Vanquished Creatures (others)
  3 slaves (D:7)
  A centaur (D:7)
  A bullfrog (D:7)
  A hound (D:7)
  An orc wizard (D:4)
  A worker ant (D:7)
8 creatures vanquished.

Grand Total: 230 creatures vanquished

Notes
Turn   | Place    | Note
-------+----------+-------------------------------------------
     0 | D:1      | JeffiDaFish the Gargoyle Fighter began the quest for the Orb.
     0 | D:1      | Reached XP level 1. HP: 14/14 MP: 1/1
    37 | D:1      | Reached XP level 2. HP: 19/19 MP: 2/2
   205 | D:1      | Reached XP level 3. HP: 24/24 MP: 3/3
   983 | D:2      | Reached XP level 4. HP: 29/29 MP: 4/4
  1024 | D:2      | Noticed Terence
  1029 | D:2      | Killed Terence
  1371 | D:2      | Reached XP level 5. HP: 32/33 MP: 5/5
  1733 | D:2      | Found an ancient bone altar of Kikubaaqudgha.
  1733 | D:2      | Found a sacrificial altar of Ru.
  2171 | D:3      | Gained mutation: You have a pair of small horns on your head. [potion of mutation]
  2171 | D:3      | Gained mutation: Your muscles are strong. (Str +2) [potion of mutation]
  2171 | D:3      | Lost mutation: Your muscles are strong. (Str +2) [potion of mutation]
  2494 | D:3      | Found a glowing golden altar of the Shining One.
  2570 | D:4      | Reached XP level 6. HP: 35/38 MP: 6/6
  2585 | D:4      | Found a glowing silver altar of Zin.
  2619 | D:4      | Found a shattered altar of Ashenzari.
  3075 | D:4      | Reached XP level 7. HP: 37/44 MP: 7/7
  3135 | D:4      | Found an iron altar of Okawaru.
  3208 | D:5      | Entered Level 5 of the Dungeon
  3224 | D:5      | Reached skill level 5 in Maces & Flails
  3224 | D:5      | Reached skill level 5 in Shields
  3255 | D:5      | Reached skill level 5 in Armour
  3426 | D:5      | Learned a level 3 spell: Dazzling Spray
  3609 | D:6      | Noticed micr0chasm's ghost (novice HuAr)
  3626 | D:6      | Killed micr0chasm's ghost
  3626 | D:6      | Reached skill level 5 in Fighting
  3626 | D:6      | Reached skill level 1 in Spellcasting
  3626 | D:6      | Reached skill level 1 in Conjurations
  3626 | D:6      | Reached skill level 1 in Hexes
  3626 | D:6      | Reached XP level 8. HP: 37/49 MP: 7/10
  3926 | D:6      | Found a snail-covered altar of Cheibriados.
  4020 | D:6      | Reached XP level 9. HP: 47/54 MP: 10/12
  4355 | D:6      | Found a sand-covered staircase.
  4641 | D:7      | Noticed Joseph
  4661 | D:7      | Killed Joseph
  4879 | D:7      | Found Qovuhost's Jewellery Emporium.
  4891 | D:7      | Found Kymempie's Distillery.
  4897 | D:7      | Noticed Pikel
  4926 | D:7      | Killed Pikel
  4983 | D:7      | Lost mutation: You have a pair of small horns on your head. [potion of cure mutation]
  4999 | D:7      | Found a staircase to the Ecumenical Temple.
  5061 | D:7      | Found a burning altar of Makhleb.
  5074 | D:7      | Reached XP level 10. HP: 54/60 MP: 14/14
  5099 | D:7      | Became a worshipper of Makhleb the Destroyer
  5178 | D:7      | Found Vathraom's Distillery.
  5362 | D:7      | Found a sparkling altar of Nemelex Xobeh.
  5452 | D:7      | Found Sucw's Distillery.
  5539 | D:7      | Found Puilugapp's Distillery.
  5676 | D:7      | Found a runed door.
  5680 | D:7      | Noticed Crazy Yiuf
  5686 | D:7      | Killed Crazy Yiuf
  5689 | D:7      | Gained mutation: You possess an exceptional clarity of mind. [potion of beneficial mutation]
  6007 | D:8      | Found a blossoming altar of Fedhas.
  6008 | D:8      | Found a deep blue altar of Sif Muna.
  6366 | D:8      | Found a shimmering altar of Xom.
  6607 | D:9      | Reached * piety under Makhleb
  6768 | D:9      | Found a staircase to the Lair.
  7054 | Lair:1   | Entered Level 1 of the Lair of Beasts
  7060 | Lair:1   | Noticed a spiny frog
  7081 | Lair:1   | Killed a spiny frog
  7100 | Lair:1   | Reached skill level 5 in Conjurations
  7114 | Lair:1   | Noticed Nergalle
  7141 | Lair:1   | Noticed a spectral orc warlord
  7146 | Lair:1   | Slain by a porcupine

Skill      XL: |  1  2  3  4  5  6  7  8  9 10 |
---------------+-------------------------------+-----
Maces & Flails | 3 4 6 7 8 |  8.6
Shields        | 4 5 6 7 |  7.3
Armour         | 4 5 6 7 8 |  8.6
Fighting       | 4 5 6 |  6.9
Spellcasting   | 1 2 3 4 |  4.1
Conjurations   | 1 2 3 5 |  5.0
Hexes          | 1 2 3 |  3.7
Dodging        | |  0.4
Stealth        | |  0.2

Action                   |  1- 3 |  4- 6 |  7- 9 | 10-12 || total
-------------------------+-------+-------+-------+-------++-------
Melee: Flail             |   121 |   240 |       |       ||   361
       Headbutt          |       |    21 |    53 |       ||    74
       Morningstar       |       |    18 |   246 |    23 ||   287
       Whip              |       |       |    30 |   312 ||   342
Evoke: Wand              |       |       |       |     1 ||     1
  Use: Scroll            |     5 |     6 |     2 |     1 ||    14
       Potion            |       |     7 |     5 |     6 ||    18
  Eat: Chunk             |       |     8 |     7 |     7 ||    22
Armor: Scale mail        |    68 |     7 |       |       ||    75
       Chain mail        |       |   121 |   186 |   321 ||   628
Dodge: Dodged            |    51 |    56 |    81 |   182 ||   370
Block: Shield            |    80 |   145 |   196 |   320 ||   741
